 Dungeon Crawl Stone Soup version 0.27.1-34-g3ba077fa99 (webtiles) character file.

Game seed: 8602513878520853449

137 Delamore the Sneak (level 5, 0/34 HPs)
             Began as an Octopode Brigand on Feb 17, 2022.
             Slain by Crazy Yiuf (7 damage)
             ... on level 2 of the Dungeon.
             The game lasted 00:01:45 (2447 turns).

Delamore the Sneak (Octopode Brigand)               Turns: 2447, Time: 00:01:45

Health: 0/34       AC:  1    Str: 10    XL:     5   Next: 20%
Magic:  5/5        EV: 12    Int: 13    God:
Gold:   75         SH:  0    Dex: 15    Spells: 4/4 levels left

rFire    . . .     SeeInvis .   a - +3 dagger
rCold    . . .     Faith    .   (no shield)
rNeg     . . .     Spirit   .   (helmet restricted)
rPois    .         Reflect  .   (no amulet)
rElec    .         Harm     .   (no ring)
rCorr    .         Rampage  .   (no ring)
Will     .....                  (no ring)
Stlth    +++++.....             (no ring)
HPRegen  0.11/turn              (no ring)
MPRegen  0.09/turn              (no ring)
                                (no ring)
                                (no ring)

@: no status effects
A: almost no armour, amphibious, 8 rings, camouflage 1, gelatinous body 1,
(nimble swimmer 1), tentacles
a: no special abilities


You were on level 2 of the Dungeon.
You visited 1 branch of the dungeon, and saw 2 of its levels.

You collected 75 gold pieces.

Inventory:

Hand Weapons
 a - a +3 dagger (weapon)
Missiles
 b - 32 poisoned darts (quivered)
 i - 2 curare-tipped darts
Scrolls
 f - a scroll of vulnerability
 g - a scroll of brand weapon {unknown}
 k - 2 scrolls of teleportation {unknown}
 l - a scroll of acquirement {unknown}
 m - a scroll of enchant weapon
Potions
 c - a potion of berserk rage {unknown}
 d - a potion of heal wounds {unknown}
 e - a potion of lignification {unknown}
 h - a potion of curing {unknown}
 j - a potion of flight {unknown}


   Skills:
 - Level 2.0 Fighting
 + Level 3.3 Short Blades
 - Level 2.0 Throwing
 - Level 1.0 Dodging
 * Level 7.9 Stealth


You had 4 spell levels left.
You didn't know any spells.
Your spell library contained the following spells:

 Spells                   Type           Power      Damage    Failure   Level
 Foxfire                  Conj/Fire      0%         2x1d4     30%         1
 Conjure Flame            Conj/Fire      0%         6-21      67%         3
 Inner Flame              Hex/Fire       0%         N/A       67%         3


Dungeon Overview and Level Annotations

Branches:
Dungeon (2/15)

Altars:

Shops:
D:2 (

Annotations:
D:2 Crazy Yiuf


Innate Abilities, Weirdness & Mutations

You cannot wear most types of armour.
You are amphibious.
You can wear up to eight rings at the same time.
Your skin changes colour to match your surroundings (Stealth+).
Your rubbery body absorbs attacks. (AC +1, EV +1)
((You are camouflaged near water. (Stealth+)))
You have tentacles for arms and can constrict up to eight enemies at once.


Message History

You hit the ball python.
You kill the ball python!
No target in view!
No target in view!
No target in view!
No target in view!
No target in view!
No target in view!
No target in view!
No target in view!
There is a stone staircase leading up here.
You see here 21 stones.
You see here a +0 spear.
Found 7 gold pieces.
You now have 75 gold pieces (gained 7).
You open the door.
There is an open door here.
You see here the felid skeleton of Natasha.
There is an open door here.
There is an open door here.
Could not explore, unopened runed door.
Could not explore, unopened runed door.
Search for what [? for help]? sh You open the door.
There is an open translucent door here.
You hit Crazy Yiuf. You grab Crazy Yiuf.
Crazy Yiuf is lightly wounded.
You constrict Crazy Yiuf, but do no damage.
Crazy Yiuf hits you with a +3 quarterstaff of chaos!
Crazy Yiuf burns you.
You hit Crazy Yiuf but do no damage. You squeeze Crazy Yiuf!
Crazy Yiuf is heavily wounded.
You constrict Crazy Yiuf, but do no damage.
You hit Crazy Yiuf but do no damage. You squeeze Crazy Yiuf!
Crazy Yiuf is almost dead.
You constrict Crazy Yiuf.
Crazy Yiuf hits you with a +3 quarterstaff of chaos!
* * * LOW HITPOINT WARNING * * *
Crazy Yiuf freezes you!
You die...

########## #######
♣♣♣♣♣##.....#
#####♣♣♣.♣.........#
#...#♣..♣..........#
#.g@'.♣♣♣♣.........#
#)..#♣♣ ♣♣♣.......#
##### ♣##......
#...... #......
######......
#...........
#...........
#...........


You could see Crazy Yiuf.

Vanquished Creatures
  Natasha (thrice) (D:2)
  3 adders (D:2)
  5 ball pythons
  2 bats
  2 endoplasms
  A giant cockroach (D:1)
  5 hobgoblins (D:1)
  4 quokkas
  6 frilled lizards
  2 goblins
  4 kobolds
  3 rats
40 creatures vanquished.

Notes
Turn   | Place    | Note
-------+----------+-------------------------------------------
     0 | D:1      | Delamore the Octopode Brigand began the quest for the Orb.
     0 | D:1      | Reached XP level 1. HP: 14/14 MP: 1/1
   235 | D:1      | Reached XP level 2. HP: 18/19 MP: 2/2
   267 | D:1      | Found a faded altar of an unknown god.
   483 | D:1      | Reached skill level 6 in Stealth
  1237 | D:1      | Reached XP level 3. HP: 24/24 MP: 3/3
  1640 | D:2      | Found Fuxe's Antique Weapon Shop.
  1712 | D:2      | Noticed Natasha
  1721 | D:2      | Killed Natasha
  1722 | D:2      | Reached skill level 7 in Stealth
  1722 | D:2      | Reached XP level 4. HP: 9/29 MP: 4/4
  1977 | D:2      | Noticed Natasha
  1983 | D:2      | Killed Natasha
  1990 | D:2      | Noticed Natasha
  1992 | D:2      | Killed Natasha
  2019 | D:2      | Reached XP level 5. HP: 34/34 MP: 5/5
  2302 | D:2      | Found a runed translucent door.
  2303 | D:2      | Noticed Crazy Yiuf
  2447 | D:2      | Slain by Crazy Yiuf

Illustrated notes

Levels and vault maps discovered:
D:1:      dpeg_arrival_refuge, layout_basic,
          shapermc_ecumenical_altar_totnotflames
D:2:      layout_basic, serial_shops, nicolae_shop_statue_plus, uniq_natasha,
          uniq_crazy_yiuf_cottage

Skill      XL: |  1  2  3  4 |
---------------+-------------+-----
Stealth        | 6 7 |  7.9
Short Blades   | 3 |  3.3
Fighting       | |  2.0
Throwing       | |  2.0
Dodging        | |  1.0

Action                   |  1- 3 |  4- 6 || total
-------------------------+-------+-------++-------
Melee: Dagger            |    57 |    18 ||    75
       Constrict         |    12 |     4 ||    16
       Tentacles         |     7 |     5 ||    12
Throw: Dart              |     2 |     2 ||     4
  Use: Scroll            |     2 |     1 ||     3
 Stab: Sleeping          |     8 |     5 ||    13
Armor: Skin              |     3 |       ||     3
Dodge: Dodged            |    28 |     7 ||    35
